 Dungeon Crawl Stone Soup version 0.31-a0-544-gceb718ecc6 (console) character file.

Game seed: 11749695040004958781

114081 petzl the Blocker (level 17, -21/125 HPs)
             Began as a Formicid Delver on Aug 15, 2023.
             Was a High Priest of Vehumet.
             Killed from afar by a deep elf sorcerer (39 damage)
             ... with a bolt of acid
             ... on level 3 of the Elven Halls on Aug 17, 2023.
             The game lasted 02:49:29 (30094 turns).

petzl the Blocker (Formicid Delver)                Turns: 30094, Time: 02:49:29

Health: -21/125    AC:  7    Str: 21    XL:     17   Next: 19%
Magic:  43/43      EV: 30    Int: 16    God:    Vehumet [*****.]
Gold:   2062       SH:  7    Dex: 15    Spells: 24/42 levels left

rFire   . . .        b - +10 longbow {drain, Drain rC+ rN++ Str+2}
rCold   + . .        Q - +0 buckler
rNeg    + + .        M - +1 robe {Will+}
rPois   .            (helmet unavailable)
rElec   .            O - +0 cloak
rCorr   .            j - +0 pair of gloves
SInv    +            U - +0 pair of boots
Will    +++..        P - amulet of the acrobat
Stlth   ++++         k - ring of magical power
HPRegen 0.40/turn    c - ring of willpower
MPRegen 0.28/turn

%: acrobat
@: acrobatic
A: permanent stasis, dig shafts and tunnels, antennae 3, four strong arms
a: Dig, Shaft Self, Renounce Religion


You were on level 3 of the Elven Halls.
You worshipped Vehumet.
Vehumet was extremely pleased with you.
You visited 5 branches of the dungeon, and saw 26 of its levels.
You visited the Abyss 1 time.

You collected 2868 gold pieces.
You spent 806 gold pieces at shops.

Inventory:

Hand Weapons
 b - the +10 longbow of Imminent Death (weapon) {drain, Drain rC+ rN++ Str+2}
   (You acquired it on level 13 of the Dungeon)

   Str+2:     It affects your strength (+2).
   rC+:       It protects you from cold.
   rN++:      It greatly protects you from negative energy.
   Drain:     It drains your maximum health when unequipped.
 d - a +1 flail of protection
 s - the +10 quarterstaff of Lepuefy {flame, rCorr Str+3 Int+2}
   (You took it off a deep elf pyromancer on level 1 of the Elven Halls)

   Str+3:     It affects your strength (+3).
   Int+2:     It affects your intelligence (+2).
   rCorr:     It protects you from acid and corrosion.
 z - a +7 morningstar of protection
 F - a +2 short sword of venom
Missiles
 o - 5 javelins
 u - 9 curare-tipped darts
Armour
 j - a +0 pair of gloves (worn)
 M - a +1 robe of willpower (worn)
 O - a +0 cloak (worn)
 Q - a +0 buckler (worn)
 U - a +0 pair of boots (worn)
 X - a +2 robe of fire resistance
Magical Staves
 n - the staff "Saovem" {rPois rC- Will+++ Int+3 Dex-2 Poison}
   (You acquired it on level 4 of the Dungeon)

   [staff of poison]

   Base accuracy: +5 Base damage: 5 Base attack delay: 1.2 This weapon's minimum
   attack delay (0.6) is reached at skill level 12.
   Int+3:     It affects your intelligence (+3).
   Dex-2:     It affects your dexterity (-2).
   rC-:       It makes you vulnerable to cold.
   rPois:     It protects you from poison Will+++: It greatly increases your
   willpower.
   Poison:    It increases the power of your Poison spells.
   It falls into the 'Staves' category.
   It is a weapon for one hand-pair.
 K - a staff of air
Jewellery
 c - a ring of willpower (right hand)
 h - an amulet of reflection
 k - a ring of magical power (left hand)
 P - an amulet of the acrobat (around neck)
Wands
 f - a wand of digging (2)
 m - a wand of iceblast (8)
 q - a wand of flame (37)
 x - a wand of charming (37)
 C - a wand of polymorph (14)
 E - a wand of light (12)
 N - a wand of mindburst (24)
Scrolls
 e - 6 scrolls of fear
 r - 5 scrolls of poison
 y - 9 scrolls of fog
 I - 10 scrolls of identify
Potions
 i - 3 potions of cancellation
 l - 9 potions of curing
 t - 4 potions of heal wounds
 v - a potion of ambrosia
 w - 7 potions of enlightenment
 A - a potion of lignification
 B - 4 potions of brilliance
 D - 2 potions of invisibility
 S - a potion of resistance
Miscellaneous
 g - a sack of spiders
 H - a lightning rod (4/4)
 L - a phial of floods


   Skills:
 - Level 9.0 Fighting
 - Level 1.0 Short Blades
 - Level 2.0 Maces & Flails
 - Level 9.0 Ranged Weapons
 - Level 7.8 Armour
 - Level 6.5 Dodging
 + Level 9.0 Stealth
 - Level 13.3 Shields
 - Level 13.0 Spellcasting
 - Level 12.2 Conjurations
 - Level 4.0 Necromancy
 - Level 6.0 Translocations
 - Level 8.0 Ice Magic
 - Level 6.0 Air Magic
 - Level 4.0 Poison Magic
 - Level 3.0 Evocations


You had 24 spell levels left.
You knew the following spells:

 Your Spells              Type           Power      Damage    Failure   Level
a - Poisonous Vapours     Pois/Air       52%        N/A       1%          2
b - Iskenderun's Mystic   Conj/Tloc      39%        2d9       1%          4
c - Hailstorm             Conj/Ice       42%        3d10      1%          3
d - Kiss of Death         Conj/Necr      100%       2d13      1%          1
l - Freezing Cloud        Conj/Ice/Air   19%        6-21      1%          5
m - Mephitic Cloud        Conj/Pois/Air  34%        N/A       1%          3

Your spell library contained the following spells:

 Spells                   Type           Power      Damage    Failure   Level
 Freeze                   Ice            100%       1d10      1%          1
 Necrotise                Necr           92%        1d8       1%          1
 Lesser Beckoning         Tloc           58%        N/A       1%          2
 Dazzling Flash           Conj/Hex       60%        N/A       1%          3
 Frozen Ramparts          Ice            72%        1d11      1%          3
 Gell's Gravitas          Tloc           29%        N/A       1%          3
 Teleport Other           Tloc           29%        N/A       1%          3
 Vampiric Draining        Necr           23%        2d7       4%          3
 Portal Projectile        Hex/Tloc       40%        N/A       6%          3
 Manifold Assault         Tloc           29%        N/A       6%          4
 Call Canine Familiar     Summ           10%        N/A       22%         3
 Agony                    Necr           23%        N/A       36%         5
 Metabolic Englaciation   Hex/Ice        11%        N/A       36%         5
 Silence                  Hex/Air        10%        N/A       52%         5
 Summon Forest            Summ/Tloc      10%        N/A       52%         5
 Leda's Liquefaction      Hex/Erth       5%         N/A       58%         4
 Petrify                  Tmut/Erth      10%        N/A       58%         4
 Eringya's Noxious Bog    Tmut/Pois      8%         4d6       73%         6
 Summon Hydra             Summ           5%         N/A       100%        7
 Blink                    Tloc           Unusable   N/A       N/A         2

Dungeon Overview and Level Annotations

Branches:
Dungeon (15/15)            Temple (1/1) D:6            Lair (5/5) D:11
  Swamp (0/4) Lair:3       Spider (0/4) Lair:3        Slime (0/5) Lair:4
    Orc (2/2) D:10            Elf (2/3) Orc:2
 Vaults: D:13-14     Depths: D:15

Altars:
Ashenzari
Cheibriados
Dithmenos
Elyvilon
Fedhas
Gozag
Hepliaklqana
Kikubaaqudgha
Makhleb
Nemelex Xobeh
Okawaru
Qazlal
Ru
Sif Muna
Trog
Uskayaw
Vehumet
Wu Jian
Xom
Yredelemnul
Zin
The Shining One

Shops:
D:5 ?   D:8 ?   Orc:1 [   Orc:2 *=*(

Portals:
Pandemonium: Orc:2

Annotations:
D:7 1 transporter, pokeman's ghost, novice DEHW
D:8 2 transporters, exclusion: 2 downstairs, Brisketman's ghost, novice DsVM
D:10 2 transporters, exclusion: downstairs
D:11 exclusion: downstairs
D:13 2 runed translucent doors, exclusion: upstairs
D:15 exclusion: sensed monster (detected)


Innate Abilities, Weirdness & Mutations

You cannot be hasted, slowed, berserked, paralysed or teleported.
You can dig through walls and to a lower floor.
You have a pair of large antennae on your head. (SInv)
Your four strong arms can wield two-handed weapons with a shield.


Message History

The deep elf sorcerer hits your butterfly with a +0 rapier!
Your butterfly dies!
Your butterfly disappears in a burst of colours!
The deep elf annihilator casts a spell.
The deep elf annihilator blinks!
A deep elf master archer comes into view.
Unknown command.
Unknown command.
Unknown command.
Unknown command.
Okay, then.
Unknown command.
Unknown command.
Okay, then.
Unknown command.
The sixfirhy completely misses you. You block the sixfirhy's attack.
The sixfirhy barely misses you.
The deep elf sorcerer shouts, "You are history!"
The balrug hits your butterfly with a +0 demon whip of electrocution!
Your butterfly dies!
Your butterfly disappears in a burst of colours!
The +2 heavy trident hits your butterfly!!
Your butterfly dies!
Your butterfly disappears in a burst of colours!
The deep elf archer yells at you, "GO AWAY!"
The deep elf archer gestures wildly while chanting.
The deep elf archer blinks!
The deep elf demonologist cowers, then darts away.
The deep elf sorcerer gestures at you while chanting.
Your butterfly is devoured by a tear in reality.
The deep elf sorcerer closely misses you.
The deep elf annihilator mumbles some strange words.
The deep elf annihilator blinks!
Unknown command.
Unknown command.
The deep elf sorcerer attacks as you move away!
The deep elf sorcerer completely misses you.
The deep elf sorcerer points at you and mumbles some strange words.
The bolt of acid hits you!!!
You die...

*,* *,* ***** *,*
***,,,*** ***,***
**,,,,,,,*** ***,,,,,***
*,,,,,,,,,,***,,,,,,,,,*
*,,,,,,,,,,,,,,,,,,,,,,,
*,,,,,,,,,,,,,,,,,,,,,,,
###e...........,,,,,,,,,,
####............,,,*,,,,,
####e...b.....e.,,***,,,,
####e.e....be...,,,*,,,,,
###...b.bb{.e...,,,,,,,,,
##e.ebb(b.bb....,,,,,,,,,
##.2.bbbbeb.....,,,,,,,,,
##.§bb..§§..###.,,,,,,,,*
###.e..be.######*,,,,,***
#####.3.########***,***
######@######### *,*
#####.?/######## *,*
#####:/(######## *,*
################ *,*
################ *,*
############### *,* *****
***,***
****,,,*****,,,,,***
***,,,,,,,,+,,,,⌠,,,,+
**,,,,,,,,,,***,,,,,***
**,,,,,,,,,*** ******* *
*,,,,,,,**** *********


You could see a deep elf blademaster, a balrug (summoned), a deep elf master
archer, a deep elf death mage, 3 deep elf sorcerers, 2 deep elf demonologists, a
deep elf archer (repels missiles, fleeing), a sixfirhy (summoned) and a +2 heavy
trident (ally target).

Vanquished Creatures
  Gastronok (D:8)
  2 orc warlords
  A deep elf demonologist (Elf:1)
  A great orb of eyes (D:15)
  An entropy weaver (shapeshifter) (D:14)
  3 hydras
  A rakshasa (D:15)
  5 centaur warriors
  2 demonspawn (Orc:2)
  2 catoblepae (Lair:5)
  5 boulder beetles
  4 dancing weapons (Elf:1)
  5 two-headed ogres
  5 death yaks (Lair:5)
  4 orc high priests (Orc:2)
  Sonja (D:13)
  4 deep elf knights (Elf:1)
  Urug (D:13)
  2 fire crabs
  3 deep elf archers (Elf:1)
  A wizard (D:14)
  8 orc knights
  8 deep elf pyromancers
  7 cyclopes
  Jeremiah (D:8)
  11 deep elf zephyrmancers (Elf:1)
  10 ugly things
  11 orc sorcerers
  4 manticores
  A rust devil (Orc:2)
  A black mamba (shapeshifter) (D:14)
  11 elephants
  Maurice (D:8)
  4 black mambas
  A torpor snail (Lair:3)
  An orange demon (Orc:2)
  2 cane toads (shapeshifter)
  12 cane toads
  Psyche (D:8)
  2 gargoyles
  2 rime drakes (Lair:5)
  An unseen horror (D:11)
  2 freezing wraiths
  15 komodo dragons
  7 trolls
  A troll (shapeshifter) (Elf:1)
  2 hellwings (Orc:2)
  11 blink frogs
  3 polar bears
  A hornet (D:7)
  8 dream sheep
  Sigmund (D:2)
  4 air elementals (Elf:1)
  2 shadows
  6 water elementals (Elf:1)
  14 slime creatures
  A centaur simulacrum (D:14)
  8 wyverns
  3 wraiths
  2 vampires
  4 basilisks
  60 yaks
  Eustachio (D:4)
  A fire bat (D:4)
  A yak (shapeshifter) (D:15)
  Menkaure (D:6)
  5 wargs
  Edmund (D:6)
  6 vampire mosquitoes (Lair:3)
  An acid dragon (D:11)
  17 water moccasins
  30 orc warriors
  5 black bears
  4 ogres
  13 wolves
  8 centaurs
  A boggart (D:12)
  2 phantoms (D:10)
  5 kobold brigands
  16 bullfrogs
  2 gnoll sergeants
  14 wights
  12 killer bees
  A troll zombie (D:10)
  4 howler monkeys
  An electric eel (Lair:3)
  3 jellies
  34 orc priests
  4 hounds
  3 sleepcaps
  An iguana (D:11)
  Ijyb (D:3)
  16 orc wizards
  5 ogre zombies (D:10)
  8 adders
  9 gnolls
  A shadow imp (D:6)
  2 white imps
  An ufetubus (D:6)
  A worm (D:3)
  4 dart slugs
  81 orcs
  6 endoplasms
  4 giant cockroaches
  9 goblins
  16 hobgoblins
  4 jackals (D:5)
  6 quokkas
  6 ball pythons
  6 bats
  4 frilled lizards
  6 goblin zombies (D:10)
  A hobgoblin skeleton (D:10)
  4 hobgoblin zombies (D:10)
  34 kobolds
  3 orc skeletons (D:10)
  5 orc zombies (D:10)
  10 rats
759 creatures vanquished.

Vanquished Creatures (collateral kills)
  A catoblepas (Lair:5)
1 creature vanquished.

Vanquished Creatures (others)
  A killer bee (D:9)
1 creature vanquished.

Grand Total: 761 creatures vanquished

Notes
Turn   | Place    | Note
-------+----------+-------------------------------------------
     0 | D:5      | petzl the Formicid Delver began the quest for the Orb.
     0 | D:5      | Reached XP level 1. HP: 18/18 MP: 1/1
    13 | D:6      | Noticed Edmund
    28 | D:6      | Noticed a sleepcap
    28 | D:6      | Noticed a sleepcap
    58 | D:6      | Reached skill level 1 in Spellcasting
   146 | D:5      | Noticed a wight
   147 | D:5      | Noticed a wight
   147 | D:5      | Noticed an orc priest
   196 | D:4      | Reached XP level 2. HP: 23/24 MP: 2/4
   345 | D:3      | Found a white marble altar of Elyvilon.
   561 | D:3      | Reached XP level 3. HP: 27/29 MP: 6/6
   672 | D:2      | Found a faded altar of an unknown god.
   675 | D:2      | Noticed Sigmund
  1052 | D:1      | Reached XP level 4. HP: 35/35 MP: 8/8
  2264 | D:3      | Noticed Ijyb
  2379 | D:3      | Reached XP level 5. HP: 38/41 MP: 11/11
  2573 | D:3      | Reached skill level 1 in Ranged Weapons
  2581 | D:3      | You fall into a shaft and drop 3 floors!
  2596 | D:6      | Noticed Menkaure
  2600 | D:6      | Noticed an ogre
  2603 | D:6      | You fall into a shaft and drop 2 floors!
  2700 | D:8      | Noticed Jeremiah
  2702 | D:8      | Noticed a bullfrog
  2703 | D:8      | Noticed a centaur
  2709 | D:7      | Noticed a hornet
  2720 | D:7      | Killed a hornet
  2721 | D:7      | Reached skill level 5 in Spellcasting
  2721 | D:7      | Reached XP level 6. HP: 47/47 MP: 11/13
  2762 | D:7      | Found a transporter.
  2880 | D:4      | Identified a scroll of acquirement
  2881 | D:4      | Acquired the +9 arbalest of Judgement {drain, rF+ Dex+3}
  2930 | D:4      | Reached XP level 7. HP: 52/52 MP: 14/14
  3014 | D:4      | Reached skill level 1 in Armour
  3014 | D:4      | Reached skill level 1 in Evocations
  3034 | D:5      | Noticed a water moccasin
  3038 | D:4      | a water moccasin changed into a fire bat
  3038 | D:4      | Noticed a fire bat
  3039 | D:4      | Killed a fire bat
  3040 | D:4      | Reached skill level 1 in Short Blades
  3388 | D:4      | Noticed Eustachio
  3780 | D:3      | Killed Ijyb
  3922 | D:2      | Killed Sigmund
  3923 | D:2      | Reached XP level 8. HP: 54/60 MP: 16/16
  4096 | D:4      | Killed Eustachio
  4491 | D:5      | Reached skill level 5 in Ranged Weapons
  4635 | D:5      | Found Vokol's Magic Scroll Boutique.
  4751 | D:5      | Bought a scroll of identify for 30 gold pieces
  4751 | D:5      | Bought a scroll of identify for 30 gold pieces
  4751 | D:5      | Bought a scroll of identify for 30 gold pieces
  4751 | D:5      | Bought a scroll of identify for 30 gold pieces
  4751 | D:5      | Bought a scroll of identify for 30 gold pieces
  4751 | D:5      | Bought a scroll of identify for 30 gold pieces
  4751 | D:5      | Bought a scroll of amnesia for 60 gold pieces
  4772 | D:5      | Reached XP level 9. HP: 65/65 MP: 19/19
  5128 | D:6      | Reached skill level 5 in Armour
  5166 | D:6      | Noticed a troll
  5178 | D:6      | Killed a troll
  5216 | D:6      | Found a staircase to the Ecumenical Temple.
  5225 | Temple   | Entered the Ecumenical Temple
  5233 | Temple   | Became a worshipper of Vehumet
  5515 | D:6      | Killed Menkaure
  5527 | D:6      | Found an ancient bone altar of Kikubaaqudgha.
  5527 | D:6      | Found an ornate altar of the Wu Jian Council.
  5586 | D:6      | Killed Edmund
  5729 | D:6      | Reached XP level 10. HP: 73/73 MP: 21/21
  5729 | D:6      | Noticed a cyan ugly thing
  5852 | D:6      | Reached skill level 5 in Fighting
  6012 | D:6      | Noticed a two-headed ogre
  6031 | D:6      | Killed a two-headed ogre
  6420 | D:7      | Found a transporter.
  6443 | D:7      | Noticed pokeman's ghost (novice DEHW)
  6535 | D:7      | Reached * piety under Vehumet
  6535 | D:7      | Offered knowledge of Kiss of Death by Vehumet.
  6538 | D:7      | Learned a level 1 spell: Kiss of Death
  7063 | D:7      | Noticed a white ugly thing
  7066 | D:7      | You fall into a shaft and drop 1 floor!
  7226 | D:8      | Found a transporter.
  7226 | D:8      | Noticed a moth of wrath
  7230 | D:8      | Found a bloodstained altar of Trog.
  7238 | D:8      | Noticed Brisketman's ghost (novice DsVM)
  7268 | D:8      | Noticed Psyche
  7272 | D:8      | Killed Psyche
  7273 | D:8      | Reached skill level 1 in Conjurations
  7273 | D:8      | Found a sacrificial altar of Ru.
  7313 | D:8      | Found Binut's Magic Scroll Boutique.
  7330 | D:8      | Bought a scroll of identify for 22 gold pieces
  7330 | D:8      | Bought a scroll of identify for 22 gold pieces
  7330 | D:8      | Bought a scroll of identify for 22 gold pieces
  7330 | D:8      | Bought a scroll of identify for 22 gold pieces
  7337 | D:8      | Reached XP level 11. HP: 81/81 MP: 22/26
  7339 | D:8      | Bought 2 scrolls of identify for 44 gold pieces
  7380 | D:8      | Found a transporter.
  7480 | D:8      | Found a hazy altar of Hepliaklqana.
  7537 | D:8      | Reached skill level 1 in Air Magic
  7537 | D:8      | Noticed Maurice
  7547 | D:8      | Killed Maurice
  7635 | D:8      | Noticed Gastronok
  7687 | D:9      | Noticed a two-headed ogre
  7776 | D:8      | Killed Jeremiah
  7814 | D:8      | Found a stormy altar of Qazlal.
  7981 | D:9      | Noticed a four-headed hydra
  8102 | D:10     | Entered Level 10 of the Dungeon
  8134 | D:10     | Reached ** piety under Vehumet
  8235 | D:11     | Noticed a cyclops
  8242 | D:11     | Offered knowledge of Momentum Strike by Vehumet.
  8243 | D:11     | Reached XP level 12. HP: 77/88 MP: 27/27
  8329 | D:9      | Reached skill level 1 in Shields
  8560 | D:9      | Killed a two-headed ogre
  9176 | D:9      | Noticed a two-headed ogre
  9510 | D:9      | Killed a four-headed hydra
  9574 | D:10     | Noticed an orc high priest
  9624 | D:11     | Identified the +1 chain mail "Reawol" {+Inv Stlth+}
  9674 | D:11     | Learned a level 2 spell: Poisonous Vapours
  9680 | D:11     | Learned a level 5 spell: Freezing Cloud
  9684 | D:11     | Learned a level 3 spell: Mephitic Cloud
  9912 | D:10     | Found a staircase to the Orcish Mines.
  9919 | D:10     | Reached skill level 1 in Poison Magic
 10035 | D:10     | Offered knowledge of Searing Ray by Vehumet.
 10301 | D:10     | Found a transporter.
 10303 | D:10     | Found a transporter.
 10308 | D:10     | Identified the +4 chain mail of Vilats {Dex+5 Slay-6}
 10544 | D:11     | Reached *** piety under Vehumet
 10558 | D:11     | Reached skill level 1 in Ice Magic
 11082 | D:11     | Offered knowledge of Volatile Blastmotes by Vehumet.
 11274 | D:11     | Found a staircase to the Lair.
 11355 | D:11     | Noticed a two-headed ogre
 11361 | D:11     | Killed a two-headed ogre
 11623 | D:9      | Killed a two-headed ogre
 11645 | D:8      | Killed Gastronok
 11646 | D:8      | Reached skill level 5 in Conjurations
 11646 | D:8      | Reached XP level 13. HP: 54/93 MP: 28/28
 11883 | D:6      | You fall into a shaft and drop 1 floor!
 12279 | D:7      | You fall into a shaft and drop 1 floor!
 12376 | Orc:1    | Entered Level 1 of the Orcish Mines
 12399 | Orc:1    | Found Iroaqant's Armour Boutique.
 12671 | Orc:1    | Reached skill level 5 in Shields
 12676 | Orc:1    | Reached **** piety under Vehumet
 12758 | Orc:1    | Noticed an orc warlord
 12775 | Orc:1    | Offered knowledge of Iskenderun's Mystic Blast by Vehumet.
 12784 | Orc:1    | Learned a level 4 spell: Iskenderun's Mystic Blast
 12806 | Orc:1    | Killed an orc warlord
 13061 | Orc:2    | Entered Level 2 of the Orcish Mines
 13823 | Orc:2    | Reached ***** piety under Vehumet
 13827 | Orc:2    | Offered knowledge of Yara's Violent Unravelling by Vehumet.
 13947 | Orc:2    | Found a staircase to the Elven Halls.
 14154 | Elf:1    | Entered Level 1 of the Elven Halls
 14288 | Orc:2    | Noticed an orc warlord
 14306 | Orc:2    | Killed an orc warlord
 14493 | Orc:2    | Reached skill level 5 in Ice Magic
 14597 | Orc:2    | Found Jiley's General Store.
 14750 | Orc:2    | Found Qaimn's General Store.
 14876 | Orc:2    | Reached XP level 14. HP: 100/100 MP: 29/29
 15223 | Orc:2    | Found Meomos's Jewellery Shop.
 15223 | Orc:2    | Found Owuyrac's Antique Weapon Boutique.
 15223 | Orc:2    | Found a one-way gate leading to the halls of Pandemonium.
 15264 | Orc:2    | Bought a scroll of identify for 28 gold pieces
 15264 | Orc:2    | Bought a scroll of fear for 56 gold pieces
 15566 | Orc:1    | Offered knowledge of Flame Wave by Vehumet.
 15600 | Orc:1    | Reached skill level 1 in Translocations
 16941 | D:13     | Noticed Sonja
 16944 | D:13     | Killed Sonja
 17240 | D:15     | Entered Level 15 of the Dungeon
 17553 | D:12     | Noticed a storm dragon
 17723 | D:13     | Acquired the staff "Saovem" {rPois rC- Will+++ Int+3 Dex-2
                  | Poison}
 17725 | D:13     | Acquired the +10 longbow of Imminent Death {drain, Drain
                  | rC+ rN++ Str+2}
 17794 | D:12     | Reached skill level 10 in Conjurations
 18159 | Lair:1   | Entered Level 1 of the Lair of Beasts
 18395 | D:11     | Reached XP level 15. HP: 68/107 MP: 30/30
 20124 | Lair:3   | You fall into a shaft and drop 2 floors!
 20124 | Lair:5   | Entered Level 5 of the Lair of Beasts
 20357 | Lair:5   | Reached skill level 10 in Shields
 20535 | Lair:4   | Found a staircase to the Slime Pits.
 20690 | Lair:3   | Reached skill level 5 in Air Magic
 20798 | Lair:3   | Offered knowledge of Ozocubu's Refrigeration by Vehumet.
 20977 | Lair:3   | Reached skill level 5 in Translocations
 21101 | Lair:3   | Found a hole to the Spider Nest.
 21565 | Lair:3   | Found a staircase to the Swamp.
 22473 | Lair:5   | Offered knowledge of Arcjolt by Vehumet.
 22832 | Lair:5   | Reached XP level 16. HP: 116/116 MP: 31/31
 23483 | Lair:5   | Reached skill level 1 in Necromancy
 23665 | Lair:5   | Identified the staff "Emeitrie" {rC- Str+6 Earth}
 23943 | Orc:2    | Bought a ring of willpower for 350 gold pieces
 24793 | Elf:1    | Offered knowledge of Eringya's Noxious Bog by Vehumet.
 26193 | D:12     | Noticed a shadow dragon
 26674 | D:13     | Found a large runed translucent door.
 26674 | D:13     | Found a large runed translucent door.
 26792 | D:13     | Noticed Urug
 26795 | D:13     | Killed Urug
 28058 | D:15     | Reached XP level 17. HP: 122/124 MP: 33/33
 29598 | Elf:1    | Learned a level 3 spell: Hailstorm
 29624 | Elf:1    | Identified the +10 quarterstaff of Lepuefy {flame, rCorr
                  | Str+3 Int+2}
 29956 | Elf:1    | Identified the +2 ring mail of Insurance {Harm}
 30061 | Abyss:2  | Cast into level 2 of the Abyss (+2 hand axe of distortion)
 30081 | Elf:1    | Escaped the Abyss
 30084 | Elf:1    | You fall into a shaft and drop 1 floor!
 30088 | Elf:2    | You fall into a shaft and drop 1 floor!
 30088 | Elf:3    | Entered Level 3 of the Elven Halls
 30090 | Elf:3    | Noticed a deep elf master archer
 30092 | Elf:3    | Noticed a deep elf blademaster
 30092 | Elf:3    | Noticed a deep elf master archer
 30094 | Elf:3    | Killed from afar by a deep elf sorcerer

Illustrated notes

Levels and vault maps discovered:
D:1:      dpeg_arrival_ratfight, layout_loops_ring, minmay_tetromino_l4
D:2:      layout_loops_cross, hellmonk_ecumenical_altar_pennies_from_heaven,
          st_stairs_5, kennysheep_potato, uniq_sigmund
D:3:      layout_loops_corners, elyvilon_altar_1, reono_crystal_passage,
          uniq_ijyb
D:4:      layout_loops_ring, amcnicky_mini_rare_corridor_liquid, uniq_eustachio
D:5:      layout_cave_pools, kennysheep_small_square
D:6:      minmay_thick_lines, layout_cave_pools,
          gammafunk_temple_overflow_pools, minmay_temple_entry_enclosed_plants,
          serial_glass, glass_columns_a, glass_columns_a, kb_rosetta,
          uniq_menkaure, uniq_edmund
D:7:      layout_cave_pools, gammafunk_ghost_stat_death, nicolae_sextant,
          minmay_microvault
D:8:      layout_basic, kennysheep_mini_moat, grunt_qazlal_clouds,
          mainiacjoe_overflow_chevrons, serial_shops, nicolae_diamond_shop,
          gammafunk_ghost_wrathful_warriors, uniq_psyche, uniq_gastronok,
          uniq_jeremiah, uniq_maurice
D:9:      layout_loops_cross, kennysheep_generic_room_4
D:10:     gammafunk_beogh_shrine, layout_long_grid, zombieorc1_lemuel
D:11:     layout_layer_cave, minmay_lair_entry_grove,
          portal_ice_cave_entry_pillars_1
D:12:     minmay_strange_plus, layout_gridville
D:13:     layout_basic, lightli_elemental_guards, uniq_urug, uniq_sonja
D:14:     layout_cave_pods, grunt_vaults_entry_tiered, roderic_lattice_a
D:15:     gammafunk_enter_depths_forms, layout_basic, minmay_misc_feat_cross
Temple:   compressed_dpeg_triangle_lava_temple
Lair:1:   layout_chaotic_city
Lair:2:   layout_misc_corridors, lemuel_fruit_tree, serial_bayou_shore_b
Lair:3:   layout_loops_ring, minmay_swamp_entry_swarm,
          spider_nest_entry_web_field, serial_bayou_pond_a, st_stairs_9,
          infiniplex_staircase_pool_2
Lair:4:   layout_hall_layers, dpeg_slime_entry_enclosed
Lair:5:   evilmike_catoblepas_cave, layout_hall_layers
Orc:1:    cheibrodos_orc_bank, layout_diamond_mine, serial_shops,
          nicolae_shop_mannequins
Orc:2:    pf_orc_diabolical, layout_diamond_mine
Elf:1:    minmay_the_grid_3x2 [minmay_the_grid_medium_cups,
          minmay_the_grid_minigrid_small_alt, minmay_the_grid_spikes,
          minmay_the_grid_paths, minmay_the_grid_aliased_spiral,
          minmay_the_grid_prize_four_corners_diamond_a],
          layout_geoelf_diagonals, evilmike_minifort
Elf:2:    nicolae_elf_blades_splatter_lattice
          [nicolae_vaults_blade_armed_guards], layout_loops_cross
Elf:3:    minmay_elf_hall, layout_geoelf_castle, nicolae_fountain_basement

Skill      XL: |  1  2  3  4  5  6  7  8  9 10 11 12 13 14 15 16 17 |
---------------+----------------------------------------------------+-----
Spellcasting   | 1 2 3 4 5 6 7 11 12 13 | 13.0
Ranged Weapons | 3 4 5 6 7 8 9 |  9.0
Armour         | 2 4 6 7 |  7.8
Evocations     | 2 3 |  3.0
Short Blades   | 1 |  1.0
Fighting       | 4 6 7 9 |  9.0
Stealth        | 8 9 |  9.0
Conjurations   | 1 2 5 8 10 11 12 | 12.2
Dodging        | 6 |  6.5
Air Magic      | 1 4 5 6 |  6.0
Shields        | 4 7 9 10 12 13 | 13.3
Poison Magic   | 4 |  4.0
Ice Magic      | 2 5 7 8 |  8.0
Translocations | 3 5 6 |  6.0
Necromancy     | 4 |  4.0
Maces & Flails | |  2.0

Action                     |  1- 3 |  4- 6 |  7- 9 | 10-12 | 13-15 | 16-18 || total
---------------------------+-------+-------+-------+-------+-------+-------++-------
  Melee: Mace              |   111 |    49 |       |       |       |       ||   160
         Punch             |     1 |       |       |       |       |       ||     1
         Dagger            |       |    16 |    38 |    40 |     3 |       ||    97
         Flail             |       |       |       |       |     5 |       ||     5
   Fire: Sling             |       |    32 |       |       |       |       ||    32
         Arbalest          |       |     5 |   132 |   343 |   318 |       ||   798
         Longbow           |       |       |       |       |   270 |   215 ||   485
  Throw: Dart              |       |     4 |     7 |     4 |     3 |       ||    18
   Cast: Freezing Cloud    |       |       |       |       |   211 |    96 ||   307
         Mephitic Cloud    |       |       |       |       |    10 |       ||    10
         Iskenderun's Myst |       |       |       |       |       |    38 ||    38
         Hailstorm         |       |       |       |       |       |     1 ||     1
Ability: Shaft Self        |       |     2 |       |     1 |     3 |     2 ||     8
         Dig               |       |       |       |     4 |     4 |     2 ||    10
  Evoke: Wand              |       |     2 |     3 |    11 |     2 |     1 ||    19
    Use: Scroll            |       |     5 |     1 |    13 |    10 |     6 ||    35
         Potion            |       |       |       |     4 |       |     2 ||     6
   Stab: Sleeping          |     7 |     8 |       |     1 |       |       ||    16
 Armour: Leather armour    |    53 |    15 |    20 |     1 |       |       ||    89
         Robe              |       |       |       |    32 |    30 |     6 ||    68
  Dodge: Dodged            |    80 |    57 |    53 |   177 |   133 |    54 ||   554
  Block: Buckler           |       |       |       |    51 |    67 |    19 ||   137

Table legend: (Time is in decaauts)
 A = Elapsed time spent in this place.
 B = Non-inter-level travel time spent in this place.
 C = Inter-level travel time spent in this place.
 D = Time resting spent in this place.
 E = Time spent auto-exploring this place.
 F = Levels seen in this place.
 G = Mean time per level.
                   A        B        C        D        E       F      G
               +--------+--------+--------+--------+--------+-----+--------+
         Total |  30752 |  28049 |   2703 |   6673 |  12146 |  27 | 1139.0 |
       Dungeon |  19399 |  17758 |   1641 |   3703 |   8311 |  15 | 1293.3 |
        Temple |     16 |      1 |     15 |      0 |      0 |   1 |   16.0 |
          Lair |   5572 |   5183 |    389 |   1019 |   2889 |   5 | 1114.4 |
  Orcish Mines |   4015 |   3393 |    622 |   1262 |    687 |   2 | 2007.5 |
   Elven Halls |   1729 |   1694 |     35 |    688 |    259 |   3 |  576.3 |
         Abyss |     20 |     20 |      0 |      0 |      0 |   1 |   20.0 |
               +--------+--------+--------+--------+--------+-----+--------+

Top non-repeatable levels by time:
   Orc:2: 2685 daAuts
    D:11: 2486 daAuts
  Lair:5: 1725 daAuts
   Elf:1: 1700 daAuts
     D:6: 1665 daAuts
    D:12: 1467 daAuts
    D:15: 1464 daAuts
     D:8: 1457 daAuts
     D:3: 1399 daAuts
    D:13: 1379 daAuts
    D:10: 1335 daAuts
   Orc:1: 1329 daAuts
  Lair:3: 1290 daAuts
     D:9: 1226 daAuts
     D:4: 1115 daAuts
